Map: Orbital Shipyard

Players

FanTaSy - Winner!

  • Race: Terran Terran
  • League: Grandmaster

True

  • Race: Zerg Zerg
  • League: Grandmaster

Event: Team Gravity's Fight Night #39

VOD

Have the link to the VOD?

Description

Time

  • Played on: Nov. 20, 2015, 8:04 p.m.
  • Length: 12:53

All games in this series

Show
View Real Time Build Order
Export as new Build Order

FanTaSy Terran - Winner!

Build Orders: MMM Bio 

Get SALT Encoding   

  12  0:00  SCV  
  13  0:12  SCV  
  14  0:17  Supply Depot  
  14  0:25  SCV  
  15  0:39  SCV  
  15  0:40  Barracks  
  16  0:44  Refinery  
  16  0:51  SCV  
  17  1:00  Barracks  
  17  1:03  SCV  
  18  1:15  SCV  
  19  1:21  Barracks  
  19  1:27  SCV  
  19  1:28  Reaper  
  21  1:33  Refinery  
  21  1:43  Supply Depot  
  21  1:47  Reaper  
  21  1:49  SCV  
  23  2:05  Reaper  
  23  2:06  SCV  
  25  2:11  Reaper  
  25  2:14  Supply Depot  
  26  2:21  Reaper  
  27  2:25  Orbital Command  
  27  2:37  Reaper  
  28  2:52  SCV, Reaper  
  28  2:55  Supply Depot  
  30  2:58  Reaper  
  31  3:07  SCV  
  31  3:09  Reaper  
  33  3:20  SCV  
  33  3:24  Reaper  
  34  3:30  Reaper  
  34  3:32  SCV  
  36  3:41  Reaper  
  36  3:43  Command Center  
  36  3:44  SCV  
  35  3:58  Reaper  
  35  4:03  SCV, Reaper  
  35  4:05  Command Center  
  37  4:13  Reaper  
  37  4:16  SCV  
  39  4:29  SCV  
  39  4:30  Reaper  
  41  4:35  Reaper  
  42  4:40  Supply Depot  
  42  4:42  SCV  
  43  4:45  Reaper  
  44  4:54  SCV  
  44  4:57  Orbital Command  
  45  5:06  SCV  
  46  5:09  Barracks Tech Lab  
  46  5:17  Barracks Tech Lab  
  46  5:18  Barracks Reactor  
  47  5:22  Orbital Command  
  47  5:23  SCV x2  
  47  5:27  Factory  
  47  5:28  Engineering Bay  
  48  5:29  Engineering Bay  
  48  5:30  Refinery, Marine  
  48  5:31  Refinery  
  48  5:32  Stimpack  
  48  5:35  SCV x2  
  51  5:37  Supply Depot  
  51  5:47  Marine  
  51  5:48  SCV x3, Marine  
  56  6:02  Marine x2  
  47  6:04  SCV x3  
  47  6:05  Marine  
  47  6:06  Marine  
  47  6:10  Orbital Command  
  50  6:14  Factory Reactor  
  50  6:15  Starport  
  50  6:16  SCV x2  
  53  6:18  Terran Infantry Weapons Level 1  
  53  6:19  Terran Infantry Armor Level 1  
  53  6:20  Marine x2  
  53  6:23  Marine  
  53  6:24  Marine  
  56  6:26  Barracks x2  
  56  6:28  Combat Shields  
  56  6:30  SCV  
  56  6:31  SCV  
  58  6:36  SCV  
  58  6:38  Marine x2  
  61  6:41  Marauder  
  61  6:42  SCV, Marauder  
  61  6:43  SCV  
  61  6:46  Refinery  
  67  6:48  SCV  
  67  6:51  Bunker  
  68  6:56  SCV x2  
  68  6:59  Factory Reactor  
  68  7:00  SCV, Medivac x2  
  75  7:03  Supply Depot  
  75  7:07  Marauder  
  75  7:08  Marine x2, Marauder  
  79  7:11  SCV x2  
  79  7:13  SCV  
  84  7:15  Barracks Reactor x2  
  84  7:23  SCV  
  84  7:24  SCV  
  84  7:25  SCV  
  86  7:33  Marauder x2, Marine x2  
  80  7:38  Medivac x2  
  80  7:39  Widow Mine x2  
  88  7:45  SCV x3  
  88  7:49  Armory  
  91  7:52  Marine x6  
  91  7:54  Marine x2  
  91  7:57  Barracks  
  91  7:58  Barracks  
  99  7:59  SCV x2, Barracks  
  99  8:04  Supply Depot  
  99  8:05  Supply Depot  
  101  8:06  Supply Depot, SCV  
  101  8:08  Medivac x2  
  101  8:10  Widow Mine  
  108  8:21  Concussive Shells  
  104  8:28  Marine x2  
  104  8:29  Marauder x2, Marine x4  
  104  8:32  Widow Mine  
  115  8:38  Widow Mine, Medivac x2  
  121  8:44  Supply Depot  
  121  8:45  Supply Depot  
  121  8:46  Supply Depot  
  121  8:47  Marine x4  
  121  8:48  Marine x2  
  127  8:49  Barracks Tech Lab  
  127  8:50  Barracks Reactor, Barracks Tech Lab  
  125  9:08  Marauder x2, Marine x6  
  125  9:09  Marauder x2  
  139  9:11  Terran Infantry Armor Level 2  
  139  9:15  Terran Infantry Weapons Level 2  
  139  9:17  Widow Mine  
  139  9:18  Widow Mine  
  141  9:38  Marine x8, Marauder x4  
  152  9:46  Medivac x2  
  152  9:52  Supply Depot x2  
  156  9:56  Marine  
  157  10:03  Command Center  
  157  10:13  Marine, Widow Mine x2  
  162  10:14  Liberator x2  
  151  10:28  Marine x2, Marauder  
  151  10:29  Marine x5, Marauder x3  
  151  10:31  Marine  
  163  10:42  Widow Mine x2  
  162  10:46  Marine x2  
  157  10:57  Marine x2, Marauder x2  
  157  10:58  Marauder x2, Marine x4  
  169  11:04  Marine x2  
  169  11:10  Widow Mine x2  
  171  11:14  Medivac x2  
  171  11:15  Supply Depot x3, Marine x2  
  171  11:16  Supply Depot  
  177  11:31  Marauder x4, Marine x6  
  183  11:33  Marine x2  
  183  11:39  Widow Mine x2  
  183  11:44  Medivac x2  
  177  11:49  Marine x6  
  177  11:52  Marauder x2  
  177  11:53  Marauder  
  163  12:07  Widow Mine x2  
  166  12:27  Marauder x4, Marine x8  
Show
View Real Time Build Order
Export as new Build Order

True Zerg 

Build Orders: Hatch First 

Get SALT Encoding   

  12  0:00  Drone  
  13  0:13  Overlord  
  13  0:17  Drone  
  14  0:31  Drone x2  
  14  0:35  Drone  
  17  0:51  Hatchery  
  17  0:55  Drone  
  17  1:08  Spawning Pool  
  17  1:11  Extractor  
  15  1:12  Drone  
  15  1:15  Drone  
  17  1:19  Drone  
  18  1:28  Overlord  
  18  1:55  Queen  
  18  1:56  Zergling x4  
  18  2:01  Drone  
  23  2:04  Drone, Queen  
  26  2:12  Metabolic Boost, Drone  
  28  2:15  Drone  
  28  2:22  Drone  
  29  2:25  Drone  
  30  2:34  Drone  
  29  2:38  Drone  
  29  2:43  Drone, Queen  
  33  2:54  Zergling x4  
  33  2:57  Overlord  
  35  3:09  Overlord  
  35  3:10  Zergling x2  
  35  3:23  Zergling x10  
  40  3:29  Zergling x4  
  42  3:34  Zergling x2  
  42  3:35  Zergling x2  
  44  3:41  Zergling x2  
  37  4:03  Zergling x8  
  37  4:04  Zergling x2  
  37  4:09  Hatchery  
  41  4:17  Drone x3  
  44  4:25  Drone  
  44  4:28  Drone  
  44  4:29  Hatchery  
  44  4:35  Drone  
  44  4:38  Drone x2  
  46  4:40  Overlord  
  46  4:41  Drone  
  48  4:46  Queen  
  48  4:48  Drone x2  
  52  4:57  Overlord  
  52  4:59  Zergling x4  
  54  5:02  Extractor  
  54  5:10  Zergling x2  
  54  5:11  Zergling x8  
  54  5:13  Zergling x2  
  60  5:16  Drone, Extractor  
  60  5:17  Drone x3  
  60  5:19  Evolution Chamber  
  62  5:21  Evolution Chamber, Drone x2  
  62  5:23  Queen  
  62  5:28  Drone  
  66  5:31  Drone  
  66  5:32  Drone  
  68  5:38  Extractor  
  64  5:48  Zerg Melee Weapons Level 1  
  64  5:49  Zerg Ground Armor Level 1  
  60  5:57  Zergling x8  
  60  5:58  Zergling x12  
  63  6:05  Drone x3  
  63  6:09  Drone x3  
  69  6:11  Lair  
  69  6:17  Drone x3  
  69  6:18  Drone  
  73  6:20  Hatchery  
  73  6:21  Overlord  
  73  6:25  Drone  
  73  6:37  Overlord, Extractor  
  73  6:38  Drone  
  73  6:41  Drone x3  
  73  6:42  Drone x3  
  79  6:53  Drone x2  
  81  6:54  Overlord  
  81  6:57  Drone x6  
  81  6:58  Drone  
  81  7:00  Drone  
  89  7:12  Drone x3  
  89  7:13  Roach Warren  
  88  7:30  Drone x10  
  88  7:31  Overlord  
  91  7:38  Extractor  
  91  7:40  Extractor  
  89  7:46  Zerg Ground Armor Level 2, Zerg Melee Weapons Level 2  
  89  7:52  Hatchery  
  88  8:00  Infestation Pit, Roach x4  
  88  8:02  Roach  
  97  8:07  Roach x3  
  97  8:09  Roach  
  105  8:14  Baneling Nest  
  102  8:22  Zergling x2  
  102  8:23  Zergling x18  
  105  8:35  Ravager  
  105  8:37  Ravager x3  
  105  8:38  Ravager x2  
  105  8:40  Overlord x2  
  111  8:42  Hive, Overlord  
  111  8:46  Overlord  
  111  8:58  Ravager x3  
  111  8:59  Centrifical Hooks  
  114  9:05  Pneumatized Carapace  
  114  9:06  Overseer, Zergling x2  
  114  9:07  Zergling x24  
  114  9:08  Zergling x2  
  128  9:10  Zergling x2  
  128  9:11  Zergling x2  
  128  9:12  Zergling x6  
  128  9:15  Baneling x4  
  133  9:24  Zergling x4  
  133  9:25  Zergling x8  
  133  9:27  Hatchery  
  133  9:29  Zergling x2  
  130  9:38  Zergling x2  
  130  9:45  Baneling x2  
  130  9:46  Baneling x7  
  130  9:47  Roach x5  
  130  9:51  Roach  
  142  9:53  Adrenal Glands  
  142  9:54  Zergling x2  
  142  9:55  Overlord x2  
  143  10:02  Overlord  
  143  10:06  Overlord  
  143  10:09  Baneling  
  143  10:10  Baneling x3  
  143  10:15  Ultralisk Cavern, Zergling x12  
  143  10:17  Baneling x3  
  143  10:20  Zergling x4  
  150  10:22  Zergling x2  
  128  10:28  Zergling x2  
  128  10:29  Zergling x8  
  128  10:33  Zergling x2  
  128  10:34  Zergling x2  
  128  10:35  Zergling x4  
  127  10:38  Zergling x4  
  127  10:40  Zergling x2  
  127  10:41  Ravager x2  
  127  10:42  Ravager x4  
  118  11:00  Baneling x5  
  118  11:01  Baneling  
  107  11:11  Drone x7  
  106  11:21  Zergling x10  
  106  11:22  Zergling x2  
  106  11:25  Baneling x4  
  112  11:26  Zergling x4  
  112  11:28  Zergling x2  
  114  11:32  Zergling x2  
  114  11:33  Zergling x4  
  114  11:35  Zergling x2  
  102  11:45  Zergling x6  
  102  11:46  Zergling x2  
  84  11:52  Zergling x2  
  84  11:53  Zergling x4  
  84  11:54  Zergling x6  
  75  12:03  Zergling x2  
  75  12:07  Zergling x2  
  77  12:09  Zergling x2  
  77  12:11  Zergling x2  
  77  12:14  Zergling x2  
  80  12:16  Zergling x4  
  80  12:19  Zergling x4  
  86  12:27  Zergling x2  
  86  12:28  Zergling x2, Baneling  
  86  12:29  Zergling x2  

Tags
 
Add a new tag
Caveats
  • Supply blocks, unpowered buildings, or Contaminate may cause inaccurate times.
  • Supply counts are checked every 10 seconds.